[Event "ISR-chT U14 2018"]
[Site "Nir HaEmek"]
[Date "2018.08.14"]
[Round "6"]
[White "Glatt, Oded"]
[Black "Katz, Kiril"]
[Result "0-1"]
[ECO "B40"]
[WhiteElo "1645"]
[BlackElo "1822"]
[Annotator "NA"]
[PlyCount "35"]
[EventDate "2018.08.12"]
[EventType "team-tourn"]
[EventCountry "ISR"]
[SourceTitle "playchess.com"]
[Source "ChessBase"]
[SourceQuality "1"]
[TimeControl "3060+10"]

1. e4 c5 2. Nf3 e6 3. b3 Nf6 4. e5 Nd5 5. c4 Ne7 {[%emt 0:03:26] LiveBook: 24 Games} 6. Bd3 Nbc6 7. a3 (7. Be4 $11) 7... Ng6 8. Bb2 Qc7 9. Qe2 Nf4 10. Qe4 {[%emt 0:00:58] Nxd3+Qxd3 [%clk 0:42:07]} Be7 11. Qe2 Na5 12. Qe3 Qb6 {[%emt 0:00:41] d4 [%clk 0:34:53] Qxb3Qxb3 [%clk 0:33:56] Nxb3 [%clk 0:33:51]} 13. Ra2 {[%emt 0:02:48] Nxd4 [%clk 0:33:07] Nxd4 [%clk 0:33:41] cxd4Bxd4 [%clk 0:33:47] b6 [%clk 0:31:02]} O-O {[%emt 0:03:25] Ba6 [%clk 0:28:49] Rc2 [%clk 0:24:50] Rc8 [%clk 0:28:38] Nd2 [%clk 0:23:10]} 14. O-O {[%emt 0:07:27] f4 [%clk 0:21:22] Rc7 [%clk 0:25:37] Rfc1 [%clk 0:18:17] Rfc8 [%clk 0:25:05] a4 [%clk 0:17:51] Bb4 [%clk 0:21:53] Ne4 [%clk 0:13:54] Ba3 [%clk 0:17:33] Ra1 [%clk 0:13:23] Rxc4 [%clk 0:16:52] Rd2 [%clk 0:11:51] Rc1+ [%clk 0:15:24] Kf2 [%clk 0:10:28] Rxa1 [%clk 0:13:54] Bxa1 [%clk 0:10:38] Bb7 [%clk 0:13:12] Nd6 [%clk 0:10:01]} Bd6 $18 {[%emt 0:19:53] Rxd6 [%clk 0:09:58] Rc2+ [%clk 0:12:36] Ke3 [%clk 0:09:49] Bc6 [%clk 0:12:29] Rd2 [%clk 0:09:13] Rxd2 [%clk 0:12:27] Kxd2 [%clk 0:09:14] Bxa4 [%clk 0:12:28]} (14... Qxb3 $19 {und alles wird gut.} 15. Nc3 Nxd3 16. Qxd3 Qxc4) 15. Bd4 {[%emt 0:17:32] Kf8 [%clk 0:11:43] Kc3 [%clk 0:08:58] Bc6 [%clk 0:11:14] g3 [%clk 0:09:05] Ke7 [%clk 0:10:52] Kb4 [%clk 0:08:50]} g6 16. h4 {[%emt 0:00:54] d6 [%clk 0:08:38] Ka3 [%clk 0:07:57] Kd7 [%clk 0:07:21] Kb3 [%clk 0:07:22] dxe5 [%clk 0:06:37]} Bxe5 {[%emt 0:03:10] Bd5+ [%clk 0:06:39] Ka4 [%clk 0:06:45] Kc6 [%clk 0:06:36] Bb8 [%clk 0:06:53] a6 [%clk 0:06:32]} 17. Bxe5 {[%emt 0:01:59] Kc5 [%clk 0:06:18] Bf6 [%clk 0:06:05] Bc6+ [%clk 0:06:18] Kb3 [%clk 0:06:04] a5 [%clk 0:05:08] Bc3 [%clk 0:05:38] Kb5 [%clk 0:04:35] Bd2 [%clk 0:05:29] Bd5+ [%clk 0:04:38] Ka3 [%clk 0:05:32] Ka6 [%clk 0:04:42] Be1 [%clk 0:05:15] b5 [%clk 0:04:48] Kb2 [%clk 0:05:06] b4 [%clk 0:04:50] g4 [%clk 0:05:08] Kb5 [%clk 0:04:48]} h5 {[%emt 0:02:00] gxh5 [%clk 0:04:48] gxh5 [%clk 0:05:18]} 18. a4 {[%emt 0:02:11] h6 [%clk 0:05:25] a3+ [%clk 0:04:45] Ka1 [%clk 0:05:34] b3 [%clk 0:04:30] Bc3 [%clk 0:05:38] b2+ [%clk 0:04:31] Bxb2 [%clk 0:05:48] axb2+ [%clk 0:04:39] Kxb2 [%clk 0:05:49] Kc4 [%clk 0:04:47]} 0-1

[Event "ISR-chT U14 2018"]
[Site "Nir HaEmek"]
[Date "2018.08.14"]
[Round "6"]
[White "Yusupoff, Yoav"]
[Black "Gov, Guy"]
[Result "1/2-1/2"]
[ECO "A06"]
[WhiteElo "1634"]
[BlackElo "1834"]
[Annotator "NA"]
[PlyCount "133"]
[EventDate "2018.08.12"]
[EventType "team-tourn"]
[EventCountry "ISR"]
[SourceTitle "playchess.com"]
[Source "ChessBase"]
[SourceQuality "1"]
[TimeControl "3060+10"]

1. Nf3 d5 2. b3 Bg4 3. Ne5 Bf5 {[%emt 0:00:09] A06: Zukertort-Eröffnung} 4. Bb2 f6 5. Nf3 e5 6. e3 Bd6 7. c4 c6 8. Nc3 Ne7 9. Rc1 $146 ({Vorgänger:} 9. Be2 O-O 10. d3 Be6 11. O-O a6 12. Re1 {0-1 (62) Lie,E (2471)-Volkov,S (2593) Fagernes 2013}) 9... O-O 10. Be2 Bb4 11. a3 d4 12. axb4 dxc3 13. Bxc3 Bd3 14. Bxd3 Qxd3 15. Qe2 Qg6 16. O-O Nd7 17. d4 e4 18. Nh4 Qg5 19. g3 Rfe8 20. Rce1 Ng6 $18 21. Nxg6 Qxg6 22. f3 Nf8 23. fxe4 Rxe4 24. Rf4 Rae8 25. Qf3 h5 26. Bd2 Nh7 27. h4 f5 28. Kh2 Rxf4 29. exf4 Nf6 30. Rxe8+ Qxe8 31. Kg1 Ne4 32. Qe3 Qg6 33. Kg2 Qg4 34. d5 cxd5 35. cxd5 Qd1 36. Be1 Qxd5 37. Bf2 b6 38. Kg1 Kh7 39. Qf3 Nf6 40. Qe3 Qd1+ 41. Kg2 Qd5+ 42. Kg1 Ne4 43. Qf3 Kh6 44. Qe3 Qd1+ 45. Kg2 Nd2 46. Be1 Ne4 47. Bf2 Qc2 48. Kf3 Qd1+ 49. Kg2 Qc2 50. Kg1 Qc6 51. Qd3 g6 52. Qd4 Qc1+ 53. Kg2 Qc8 54. Qe5 Kh7 55. Qe7+ Kh6 56. Qe5 Kh7 57. Bd4 Qc2+ 58. Kh3 Nf2+ 59. Bxf2 Qxf2 60. Qe7+ Kh6 61. Qf8+ Kh7 62. Qf7+ Kh6 63. Qf8+ Kh7 64. Qe7+ Kh6 65. Qxa7 Qf1+ 66. Kh2 Qf2+ 67. Kh3 1/2-1/2

[Event "ISR-chT U14 2018"]
[Site "Nir HaEmek"]
[Date "2018.08.14"]
[Round "6"]
[White "Shteiman, Yuval"]
[Black "Vagman, Roy"]
[Result "*"]
[ECO "C54"]
[WhiteElo "1584"]
[BlackElo "1952"]
[Annotator "NA RC"]
[PlyCount "22"]
[EventDate "2018.08.12"]
[EventType "team-tourn"]
[EventCountry "ISR"]
[SourceTitle "playchess.com"]
[Source "ChessBase"]
[SourceQuality "1"]
[TimeControl "3060+10"]

1. e4 e5 2. Nf3 Nc6 3. Bc4 Bc5 4. c3 Nf6 5. d3 d6 6. O-O O-O 7. Nbd2 a6 8. Re1 Ba7 9. Nf1 Ne7 10. Ng3 Ng6 11. h3 Re8 $14 *

[Event "ISR-chT U14 2018"]
[Site "Nir HaEmek"]
[Date "2018.08.14"]
[Round "6"]
[White "Shteiman, Yuval"]
[Black "Verny, David"]
[Result "0-1"]
[ECO "C54"]
[WhiteElo "1584"]
[BlackElo "1946"]
[Annotator "NA"]
[PlyCount "106"]
[EventDate "2018.08.12"]
[EventType "team-tourn"]
[EventCountry "ISR"]
[SourceTitle "playchess.com"]
[Source "ChessBase"]
[SourceQuality "1"]
[TimeControl "3060+10"]

1. e4 e5 2. Nf3 Nc6 3. Bc4 Bc5 4. c3 Nf6 5. d3 d6 6. O-O O-O 7. Nbd2 a6 8. Re1 Ba7 9. Nf1 Ne7 10. Ng3 Ng6 11. h3 Re8 $14 12. Bb3 c6 13. d4 h6 14. a3 Qc7 15. Qc2 b5 16. Be3 Bb7 17. Rad1 c5 18. d5 c4 19. Ba2 Bxe3 20. fxe3 Nd7 21. Bb1 Nc5 22. Qf2 Bc8 23. Nh2 Rf8 24. Nf5 Ne7 25. Ng4 h5 26. Qh4 Bxf5 27. Nf6+ gxf6 28. exf5 Kg7 29. e4 Rh8 30. Re3 Rag8 31. Rg3+ Kf8 32. Qxf6 Nd7 33. Rxg8+ Rxg8 34. Qh6+ Ke8 35. Qxh5 Qa7+ 36. Kf1 Qe3 37. Qh4 Nc5 38. Qf2 Qg5 39. Re1 Nc8 40. g4 Nb6 41. Qe3 Qh4 42. Kg2 Nbd7 43. Qg3 Qg5 44. Qe3 Qg7 45. Kh2 Nf6 46. Rg1 Rh8 47. Qe2 Qg5 48. Qf2 Nxg4+ 49. Rxg4 Qxg4 50. Qg3 Qxg3+ 51. Kxg3 Ke7 52. Bc2 Kf6 53. Bb1 Na4 0-1

[Event "ISR-chT U14 2018"]
[Site "Nir HaEmek"]
[Date "2018.08.14"]
[Round "6"]
[White "Qasem, Huda"]
[Black "Tsirilman, Guy"]
[Result "0-1"]
[ECO "B26"]
[WhiteElo "1560"]
[BlackElo "1753"]
[Annotator "NA"]
[PlyCount "67"]
[EventDate "2018.08.12"]
[EventType "team-tourn"]
[EventCountry "ISR"]
[SourceTitle "playchess.com"]
[Source "ChessBase"]
[SourceQuality "1"]
[TimeControl "3060+10"]

1. e4 c5 2. Nc3 Nc6 3. g3 g6 4. Bg2 Bg7 5. d3 d6 6. Be3 Rb8 7. Qd2 h5 8. Nge2 b5 9. d4 cxd4 10. Nxd4 Nxd4 11. Bxd4 Bxd4 12. Qxd4 Nf6 13. Qxa7 Qb6 14. Qxb6 Rxb6 15. O-O-O Bb7 16. f3 O-O 17. Nd5 Bxd5 18. exd5 b4 19. Rhe1 Rb7 20. f4 Ra8 21. Rd3 Rxa2 22. Rde3 Kf8 23. Rb3 Ra5 24. c3 Ra1+ 25. Kd2 bxc3+ 26. Kc2 Rxb3 27. Rxa1 Rxb2+ 28. Kxc3 Rxg2 29. Ra8+ Kg7 30. Kc4 Rc2+ 31. Kd3 Rc5 32. Ra7 Nxd5 33. Ra2 Nb4+ 34. Kd4 0-1

[Event "ISR-chT U14 2018"]
[Site "Nir HaEmek"]
[Date "2018.08.14"]
[Round "7"]
[White "Milikow, Yoav"]
[Black "Ben Ari, Yannay"]
[Result "0-1"]
[ECO "A80"]
[WhiteElo "2186"]
[BlackElo "2022"]
[Annotator "NA"]
[PlyCount "54"]
[EventDate "2018.08.12"]
[EventType "team-tourn"]
[EventCountry "ISR"]
[SourceTitle "playchess.com"]
[Source "ChessBase"]
[SourceQuality "1"]
[TimeControl "3060+10"]

1. d4 f5 2. Bg5 c6 3. e3 d5 4. c4 Nd7 5. cxd5 cxd5 6. Nc3 Ngf6 7. Bd3 e6 8. g4 fxg4 9. Nge2 Bd6 10. Nf4 Qe7 11. Rc1 a6 12. h3 g3 13. fxg3 b5 14. O-O b4 15. Na4 Bb7 16. Nc5 Nxc5 17. dxc5 Bxc5 18. Nxe6 Qxe6 19. Rxc5 O-O 20. Kh2 Ne4 21. Bxe4 Qxe4 22. Bf4 d4 23. Qe2 d3 24. Qf2 Rac8 25. Rxc8 Rxc8 26. Bc7 h6 27. Rc1 Rxc7 0-1

[Event "ISR-chT U14 2018"]
[Site "Nir HaEmek"]
[Date "2018.08.14"]
[Round "7"]
[White "Milikow, Elie"]
[Black "Mizrahi, Ido"]
[Result "1-0"]
[ECO "B12"]
[WhiteElo "2173"]
[BlackElo "1943"]
[Annotator "NA"]
[PlyCount "87"]
[EventDate "2018.08.12"]
[EventType "team-tourn"]
[EventCountry "ISR"]
[SourceTitle "playchess.com"]
[Source "ChessBase"]
[SourceQuality "1"]
[TimeControl "3060+10"]

1. e4 c6 2. d4 d5 3. e5 Bf5 4. h4 Qc7 5. Bd3 Bxd3 6. Qxd3 e6 7. Nf3 a6 8. O-O c5 9. c3 Nc6 10. a3 Nge7 11. b4 c4 12. Qc2 b5 13. a4 Ra7 14. axb5 axb5 15. Rxa7 Qxa7 16. h5 h6 17. Na3 Qb7 18. Nh4 Nc8 19. f4 Be7 20. Nf3 O-O 21. f5 exf5 22. Qxf5 Nd8 23. Qg4 Kh7 24. Nc2 Ne6 25. Ne3 Bd8 26. Nf5 Rg8 27. Nd6 Nxd6 28. exd6 Bf6 29. Qf5+ Kh8 30. Bxh6 Qb6 31. Bxg7+ Bxg7 32. h6 Qxd6 33. hxg7+ Rxg7 34. Ne5 Nd8 35. Rf3 Qe6 36. Qh5+ Kg8 37. Qh4 Nb7 38. Rf6 Qe7 39. Qf4 Nd8 40. Rh6 Ne6 41. Qh2 Kf8 42. Rh8+ Rg8 43. Qh6+ Ng7 44. Qh7 1-0

[Event "ISR-chT U14 2018"]
[Site "Nir HaEmek"]
[Date "2018.08.14"]
[Round "7"]
[White "Aizenberg, Benny"]
[Black "Yaniv, Yuval"]
[Result "1-0"]
[ECO "C97"]
[WhiteElo "2149"]
[BlackElo "2199"]
[Annotator "NA"]
[PlyCount "77"]
[EventDate "2018.08.12"]
[EventType "team-tourn"]
[EventCountry "ISR"]
[SourceTitle "playchess.com"]
[Source "ChessBase"]
[SourceQuality "1"]
[TimeControl "3060+10"]

1. e4 e5 2. Nf3 Nc6 3. Bb5 a6 4. Ba4 Nf6 5. O-O Be7 6. Re1 b5 7. Bb3 d6 8. c3 O-O 9. h3 Na5 10. Bc2 c5 11. d4 Qc7 12. Bg5 Re8 13. d5 c4 14. Nbd2 Nd7 15. Bxe7 Rxe7 16. Nf1 Nf8 17. Ng3 Qd8 18. Nf5 Bxf5 19. exf5 Rb7 20. Nd2 Nd7 21. Ne4 Nf6 22. Nxf6+ Qxf6 23. b4 cxb3 24. axb3 Qd8 25. f6 g6 26. Qd2 Rc8 27. Rxa5 Qxf6 28. Rxa6 Rbc7 29. Re3 Kg7 30. Rf3 Qe7 31. Rb6 Rc5 32. b4 Rc4 33. Rxb5 f5 34. Bb3 R4c7 35. c4 e4 36. Rc3 Rf8 37. c5 f4 38. cxd6 Qxd6 39. Rxc7+ 1-0

[Event "ISR-chT U14 2018"]
[Site "Nir HaEmek"]
[Date "2018.08.14"]
[Round "7"]
[White "Sokolovsky, Yahli"]
[Black "Kochavi, Ori"]
[Result "1-0"]
[ECO "B15"]
[WhiteElo "2062"]
[BlackElo "2138"]
[Annotator "NA"]
[PlyCount "123"]
[EventDate "2018.08.12"]
[EventType "team-tourn"]
[EventCountry "ISR"]
[SourceTitle "playchess.com"]
[Source "ChessBase"]
[SourceQuality "1"]
[TimeControl "3060+10"]

1. e4 c6 2. d4 d5 3. Nc3 dxe4 4. Nxe4 Nf6 5. Nxf6+ exf6 6. c3 Bd6 7. Bd3 Nd7 8. Qc2 Nf8 9. Ne2 Qc7 10. Bd2 Be6 11. c4 Ng6 12. O-O-O Nf4 13. Nxf4 Bxf4 14. Kb1 Bxd2 15. Rxd2 O-O-O 16. Be4 Kb8 17. g3 Rhe8 18. Re1 g6 19. Red1 Bxc4 20. Rc1 Bxa2+ 21. Kxa2 Rxe4 22. Qc3 Rd5 23. Kb1 Qe7 24. Qc4 Re1 25. Qd3 Rxc1+ 26. Kxc1 c5 27. Qe3 Qxe3 28. fxe3 cxd4 29. exd4 f5 30. Kc2 Kc7 31. Kd3 Rd7 32. Re2 Kd8 33. Kc4 Re7 34. Rf2 Kd7 35. Kd5 h5 36. Rf3 Re6 37. Ra3 Rd6+ 38. Kc5 Rc6+ 39. Kd5 a6 40. Rb3 b6 41. Ra3 Rd6+ 42. Kc4 Rc6+ 43. Kd5 a5 44. Re3 Rd6+ 45. Kc4 Re6 46. Rb3 Kc7 47. Kd5 Rd6+ 48. Kc4 Kc6 49. Rc3 Kb7 50. Rb3 Kc6 51. Rc3 Kb7 52. Rb3 Ka6 53. d5 Kb7 54. Re3 Rd7 55. Re8 Kc7 56. Kd4 Rd8 57. Re7+ Rd7 58. Re8 Kd6 59. Rb8 Kc7 60. Re8 Rd8 61. Re7+ Rd7 62. Re8 1-0

[Event "ISR-chT U14 2018"]
[Site "Nir HaEmek"]
[Date "2018.08.14"]
[Round "7"]
[White "Verny, David"]
[Black "Sobel, Alon"]
[Result "0-1"]
[ECO "C11"]
[WhiteElo "1946"]
[BlackElo "1698"]
[Annotator "NA"]
[PlyCount "60"]
[EventDate "2018.08.12"]
[EventType "team-tourn"]
[EventCountry "ISR"]
[SourceTitle "playchess.com"]
[Source "ChessBase"]
[SourceQuality "1"]
[TimeControl "3060+10"]

1. e4 e6 2. d4 d5 3. Nc3 Nf6 4. e5 Nfd7 5. f4 c5 6. Nf3 Nc6 7. Be3 a6 8. Be2 b5 9. Qd2 Qb6 10. O-O cxd4 11. Nxd4 Bc5 12. Rad1 Nxd4 13. Bxd4 Bxd4+ 14. Qxd4 O-O 15. a4 b4 16. Na2 a5 17. Bb5 Qxd4+ 18. Rxd4 Nc5 19. Nc1 Ba6 20. Bxa6 Rxa6 21. b3 Rc6 22. f5 Ne4 23. Nd3 Rxc2 24. Nf4 Nd2 25. fxe6 fxe6 26. Rd1 Nxb3 27. R4d3 Rxf4 28. Rxb3 Rff2 29. Rg3 Rfe2 30. Rf1 b3 0-1

[Event "ISR-chT U14 2018"]
[Site "Nir HaEmek"]
[Date "2018.08.14"]
[Round "7"]
[White "Zemach, Nadav"]
[Black "Friedland, Eldar"]
[Result "1-0"]
[ECO "C02"]
[WhiteElo "1901"]
[BlackElo "1876"]
[Annotator "NA"]
[PlyCount "69"]
[EventDate "2018.08.12"]
[EventType "team-tourn"]
[EventCountry "ISR"]
[SourceTitle "playchess.com"]
[Source "ChessBase"]
[SourceQuality "1"]
[TimeControl "3060+10"]

1. c4 c6 2. d4 d5 3. cxd5 cxd5 4. Nc3 Nc6 5. e4 e6 6. e5 Nge7 7. Nf3 b6 8. Bd3 Bb7 9. O-O Ng6 10. Bg5 f6 11. exf6 gxf6 12. Bd2 Qd7 13. Re1 Bg7 14. h4 Rg8 15. h5 Nf8 16. Bf4 O-O-O 17. Nb5 e5 18. Qc2 Kb8 19. dxe5 Qg4 20. Bg3 fxe5 21. Nxe5 Bxe5 22. Rxe5 Ka8 23. Nc7+ Kb8 24. Ree1 Nb4 25. Qc3 Rc8 26. Be2 Qd7 27. Na6+ Ka8 28. Qxb4 d4 29. Rac1 d3 30. Rxc8+ Qxc8 31. Bxd3 Ne6 32. Rxe6 Bxa6 33. Be4+ Bb7 34. Bxb7+ Qxb7 35. Qe4 1-0

[Event "ISR-chT U14 2018"]
[Site "Nir HaEmek"]
[Date "2018.08.14"]
[Round "7"]
[White "Sherman, Reem"]
[Black "Guz, Ari"]
[Result "0-1"]
[ECO "B43"]
[WhiteElo "1757"]
[BlackElo "1921"]
[Annotator "NA"]
[PlyCount "62"]
[EventDate "2018.08.12"]
[EventType "team-tourn"]
[EventCountry "ISR"]
[SourceTitle "playchess.com"]
[Source "ChessBase"]
[SourceQuality "1"]
[TimeControl "3060+10"]

1. e4 c5 2. Nf3 e6 3. d4 cxd4 4. Nxd4 a6 5. Nc3 Qc7 6. g3 b6 7. Bg2 Bb7 8. O-O d6 9. Re1 Nf6 10. Nd5 exd5 11. exd5+ Kd8 12. Bg5 h6 13. Qh5 Rg8 14. Bxf6+ gxf6 15. Re6 Rg5 16. Qf3 Be7 17. Rae1 Bxd5 18. Qxd5 Rxd5 19. Bxd5 Ra7 20. R6e4 f5 21. Nxf5 Bf6 22. Nxh6 Qc5 23. c4 Re7 24. Nxf7+ Kd7 25. Be6+ Kc7 26. Nh6 Nc6 27. Nf5 Rxe6 28. Rxe6 Qxf5 29. Kg2 Ne5 30. Re8 Qf3+ 31. Kg1 Qh5 0-1

[Event "ISR-chT U14 2018"]
[Site "Nir HaEmek"]
[Date "2018.08.15"]
[Round "8"]
[White "Yaniv, Yuval"]
[Black "Gorshtein, Asaf"]
[Result "1-0"]
[ECO "B13"]
[WhiteElo "2199"]
[BlackElo "2137"]
[Annotator "NA"]
[PlyCount "93"]
[EventDate "2018.08.12"]
[EventType "team-tourn"]
[EventCountry "ISR"]
[SourceTitle "playchess.com"]
[Source "ChessBase"]
[SourceQuality "1"]
[TimeControl "3060+10"]

1. e4 c6 2. d4 d5 3. exd5 cxd5 4. Bd3 Nc6 5. c3 Nf6 6. Bf4 g6 7. Nf3 Bg7 8. O-O O-O 9. h3 Bf5 {[%emt 0:01:40] LiveBook: 50 Partien} 10. Qe2 {[%emt 0:03:40] B13: Caro-Kann (Abtausch-Variante 4.c4)} Rc8 11. Nbd2 a6 (11... Bxd3 12. Qxd3 Qb6 13. a4 a6 14. Rfe1 {0-1 (43) Tari,A (2599)-Pantsulaia,L (2605) chess.com INT 2018}) 12. Rfe1 Bxd3 13. Qxd3 e6 14. Ne5 Nxe5 15. Bxe5 Nd7 $146 ({Vorgänger:} 15... Bh6 16. Re2 Nd7 17. Bd6 Re8 {1-0 (60) Vojta,T (2368)-Gregor,J (2262) Ricany 2011}) 16. Bxg7 Kxg7 17. Nb3 Qc7 18. h4 Qf4 19. g3 Qf5 20. Qxf5 gxf5 21. a4 Rc7 22. a5 Rb8 23. Ra2 Nf6 24. Nc5 Ne4 25. Nd3 Nd6 26. f3 b6 27. axb6 Rxb6 28. Nc5 Nc4 29. b3 Nd6 30. Rxe6 Rcc6 31. Re5 Nb5 32. Rc2 f4 33. Rg5+ Kh8 34. gxf4 Rb8 35. Rxd5 Nc7 36. Rd7 Ne6 37. Nd3 Rcc8 38. f5 Ng7 $18 39. Rxf7 Rxb3 40. Nc5 Rb1+ 41. Kh2 Nh5 42. Ne6 Rcb8 43. Rg2 Rc1 44. Nf8 Ng3 45. Rxh7+ Kg8 46. Rxg3+ Kxf8 47. Rh8+ 1-0

[Event "ISR-chT U14 2018"]
[Site "Nir HaEmek"]
[Date "2018.08.15"]
[Round "8"]
[White "Kochavi, Ori"]
[Black "Gov, Guy"]
[Result "1-0"]
[ECO "C10"]
[WhiteElo "2138"]
[BlackElo "1834"]
[Annotator "NA"]
[PlyCount "83"]
[EventDate "2018.08.12"]
[EventType "team-tourn"]
[EventCountry "ISR"]
[SourceTitle "playchess.com"]
[Source "ChessBase"]
[SourceQuality "1"]
[TimeControl "3060+10"]

1. e4 e6 2. d4 d5 3. Nd2 dxe4 4. Nxe4 Bd7 5. Bd3 Bc6 6. c3 Nd7 7. Nf3 {[%emt 0:00:27] LiveBook: 73 Partien} Ngf6 8. Qc2 Nxe4 9. Bxe4 Bxe4 $11 10. Qxe4 c6 11. O-O Bd6 12. a4 Nf6 13. Qe2 h6 14. a5 Qc7 15. h3 O-O 16. a6 b6 17. Re1 Rad8 18. b3 Nd7 19. Bb2 Rfe8 20. c4 Bb4 21. Red1 Qf4 22. Rd3 Bd6 23. Rad1 Nb8 24. Re3 Qf5 25. Re4 Nd7 26. Nh4 Qa5 27. d5 cxd5 28. cxd5 e5 29. Nf5 Nf6 30. Nxd6 Rxd6 31. Rxe5 Red8 32. Re7 Nxd5 33. Qe5 f6 34. Re8+ Kf7 35. Qh5+ g6 36. Rxd8 Rxd8 37. Qxh6 Re8 38. Qh7+ Kf8 39. Qxg6 Re1+ 40. Rxe1 Qxe1+ 41. Kh2 Qxf2 42. Ba3+ {[%emt 0:00:20] Ne7Qe4 [%clk 0:06:33] Qf1 [%clk 0:00:21] Qxe7+ [%clk 0:06:36] Kg8 [%clk 0:00:31] Qf8+ [%clk 0:06:14] Kh7 [%clk 0:00:40] Qf7+ [%clk 0:06:11] Kh8 [%clk 0:00:41] Qh5+ [%clk 0:05:54] Kg7 [%clk 0:00:51] Qg4+ [%clk 0:05:56] Kh7 [%clk 0:00:34] Bf8 [%clk 0:00:00]} 1-0

[Event "ISR-chT U14 2018"]
[Site "Nir HaEmek"]
[Date "2018.08.15"]
[Round "8"]
[White "Levitan, Ronit"]
[Black "Milikow, Yoav"]
[Result "0-1"]
[ECO "C09"]
[WhiteElo "1933"]
[BlackElo "2186"]
[Annotator "NA"]
[PlyCount "88"]
[EventDate "2018.08.12"]
[EventType "team-tourn"]
[EventCountry "ISR"]
[SourceTitle "playchess.com"]
[Source "ChessBase"]
[SourceQuality "1"]
[TimeControl "3060+10"]

1. e4 e6 2. d4 d5 3. Nd2 c5 4. exd5 exd5 5. Ngf3 Nc6 6. Bb5 Qe7+ {[%emt 0:00:01] LiveBook: 142 Games} 7. Be2 Qc7 8. O-O Nf6 9. Re1 Be6 10. Nb3 cxd4 (10... c4 $11 11. Nc5 Bxc5 12. dxc5 O-O) 11. Nbxd4 Bc5 $16 12. c3 O-O 13. Bd3 Rae8 14. h3 Bc8 15. Be3 Bb6 16. Bc2 a6 17. Qd3 Na5 18. Rad1 Nc4 19. Bc1 Ne4 20. Nd2 Ne5 21. Qf1 Nf6 22. Bb1 Bd7 23. N2f3 Nxf3+ 24. Nxf3 Rxe1 25. Qxe1 Bxh3 26. Nd4 Bd7 27. f3 Ba7 28. Bg5 Nh5 29. Qh4 g6 30. Bh6 Re8 31. Bd3 Qe5 32. Bc2 Bb8 33. f4 Qe3+ 34. Kh1 Bxf4 35. Bxf4 Qxf4 36. Qxf4 Nxf4 37. Bb3 Re3 38. Kg1 Rg3 39. Rd2 Bh3 40. Kh2 Rxg2+ 41. Rxg2 Bxg2 42. Kg3 g5 43. Nf5 h5 44. Ne3 Be4 0-1

[Event "ISR-chT U14 2018"]
[Site "Nir HaEmek"]
[Date "2018.08.15"]
[Round "8"]
[White "Guz, Ari"]
[Black "Qasem, Huda"]
[Result "1-0"]
[ECO "A27"]
[WhiteElo "1921"]
[BlackElo "1560"]
[Annotator "NA"]
[PlyCount "49"]
[EventDate "2018.08.12"]
[EventType "team-tourn"]
[EventCountry "ISR"]
[SourceTitle "playchess.com"]
[Source "ChessBase"]
[SourceQuality "1"]
[TimeControl "3060+10"]

1. c4 e5 2. Nc3 Nc6 3. Nf3 g6 4. d4 Bg7 5. Bg5 Nge7 $16 (5... f6 $11 {hält das Gleichgewicht.} 6. Be3 exd4 7. Nxd4 (7. Bxd4 Nge7 $11) 7... Nxd4 8. Bxd4 (8. Qxd4 Ne7 $14) 8... Ne7) 6. dxe5 Nxe5 7. Nxe5 Bxe5 8. Nd5 Bxb2 9. Qb1 Nxd5 10. Qxb2 Qxg5 11. Qxh8+ Ke7 12. cxd5 Qxd5 13. Qc3 c5 14. Rd1 Qc6 15. Qe5+ Kd8 16. e4 b5 17. Be2 Bb7 18. Bf3 c4 19. O-O f6 20. Qd4 Qe6 21. Qc5 a6 22. Rd6 Qe7 23. Rfd1 Ke8 24. Qb6 Bc6 25. Rxc6 1-0

[Event "ISR-chT U14 2018"]
[Site "Nir HaEmek"]
[Date "2018.08.15"]
[Round "8"]
[White "Katz, Kiril"]
[Black "Sobel, Alon"]
[Result "1/2-1/2"]
[ECO "D53"]
[WhiteElo "1822"]
[BlackElo "1698"]
[Annotator "NA"]
[PlyCount "68"]
[EventDate "2018.08.12"]
[EventType "team-tourn"]
[EventCountry "ISR"]
[SourceTitle "playchess.com"]
[Source "ChessBase"]
[SourceQuality "1"]
[TimeControl "3060+10"]

1. d4 Nf6 2. c4 e6 3. Bg5 Be7 4. Nc3 d5 5. cxd5 Nxd5 6. Bxe7 {[%emt 0:00:06] LiveBook: 56 Partien} Qxe7 7. e4 Nf6 8. Nf3 O-O 9. Bd3 b6 10. O-O Ba6 11. Rc1 $16 Bxd3 12. Qxd3 Rd8 13. Rfd1 c5 14. d5 exd5 15. Nxd5 Nxd5 16. exd5 Nd7 17. Rd2 Ne5 18. Nxe5 Qxe5 19. Rcd1 Rd6 20. Qe3 Qf6 21. f3 Rad8 22. Qe4 g6 23. f4 Kg7 24. Qe5 h6 25. Kf2 g5 26. g3 Kg6 27. Qxf6+ Kxf6 28. Kf3 Kg6 29. g4 f5 30. h3 Kf6 31. Rd3 R8d7 32. R1d2 Rd8 33. Kg3 R8d7 34. Kf3 Rd8 {[%emt 0:00:03] Ke4 [%clk 0:00:00] Ke5+*} 1/2-1/2

[Event "ISR-chT U14 2018"]
[Site "Nir HaEmek"]
[Date "2018.08.15"]
[Round "8"]
[White "Tsirilman, Guy"]
[Black "Milikow, Elie"]
[Result "0-1"]
[ECO "A48"]
[WhiteElo "1753"]
[BlackElo "2173"]
[Annotator "NA"]
[PlyCount "134"]
[EventDate "2018.08.12"]
[EventType "team-tourn"]
[EventCountry "ISR"]
[SourceTitle "playchess.com"]
[Source "ChessBase"]
[SourceQuality "1"]
[TimeControl "3060+10"]

1. d4 Nf6 2. Bf4 g6 3. e3 Bg7 4. Nf3 O-O 5. h3 d6 6. Be2 b6 7. O-O Bb7 8. c4 {[%emt 0:00:29] LiveBook: 70 Games} Nfd7 9. Nc3 $14 Nc6 10. Rb1 e5 11. Bh2 exd4 12. exd4 Ne7 13. d5 Ne5 14. Nxe5 dxe5 15. Ne4 Nf5 16. Bd3 Nd4 17. f4 f5 18. Nc3 e4 19. Bc2 c6 20. dxc6 Bxc6 21. Ba4 Bxa4 22. Qxa4 Qe8 23. Qxe8 Rfxe8 24. Rbd1 e3 25. Rfe1 Rac8 26. Rd3 e2 27. b3 b5 28. Kf2 bxc4 29. bxc4 Rxc4 30. Nxe2 Rc2 31. Re3 Rxe3 32. Kxe3 Rxa2 33. Nxd4 Ra3+ 34. Ke2 Bxd4 35. Bg1 Bxg1 36. Rxg1 Kf7 37. Rb1 h6 38. Rb7+ Kf6 39. Rc7 Ra6 40. Rh7 h5 41. h4 Ke6 42. Kd3 Ra2 43. Rg7 Kf6 44. Rc7 Rxg2 45. Rxa7 Rg4 46. Ra6+ Kg7 47. Ke3 Rxh4 48. Kf3 Rh3+ 49. Kg2 Rb3 50. Ra7+ Kh6 51. Ra4 h4 52. Rd4 Kh5 53. Rd6 Rb2+ 54. Kf3 h3 55. Kg3 Rb3+ 56. Kf2 Kg4 57. Rxg6+ Kxf4 58. Rh6 Rb2+ 59. Kg1 Kg4 60. Rg6+ Kh5 61. Rg8 Rg2+ 62. Rxg2 hxg2 63. Kf2 Kh4 64. Kxg2 Kg4 65. Kf2 Kf4 66. Ke2 Kg3 67. Kf1 Kf3 0-1

[Event "ISR-chT U14 2018"]
[Site "Nir HaEmek"]
[Date "2018.08.15"]
[Round "8"]
[White "Glatt, Oded"]
[Black "Neeman, Gal"]
[Result "1-0"]
[ECO "B05"]
[WhiteElo "1645"]
[BlackElo "1767"]
[Annotator "NA"]
[PlyCount "83"]
[EventDate "2018.08.12"]
[EventType "team-tourn"]
[EventCountry "ISR"]
[SourceTitle "playchess.com"]
[Source "ChessBase"]
[SourceQuality "1"]
[TimeControl "3060+10"]

1. e4 Nf6 2. e5 Nd5 3. c4 Nb6 4. d4 d6 5. exd6 exd6 6. Nf3 Nc6 7. Be2 Bg4 8. b3 Be7 9. Bb2 d5 10. c5 Nc8 11. Bb5 Bd7 12. Nc3 a6 13. Bxc6 Bxc6 14. Ne5 Na7 15. Qf3 Bf6 16. Nxc6 bxc6 17. Ne2 O-O 18. O-O Re8 19. Rfe1 Nb5 20. a4 Na7 21. Nf4 Qd7 22. Nh5 Bg5 23. Qg3 Qf5 24. Nxg7 Rxe1+ 25. Rxe1 Kxg7 26. h4 h6 27. Bc1 Kg6 28. hxg5 h5 29. Qe5 Qxe5 30. dxe5 Kf5 31. g3 Rb8 32. Re3 Re8 33. f4 Nc8 34. Bd2 Re6 35. Ba5 Re7 36. Kg2 Kg4 37. Re1 Na7 38. Rh1 Rd7 39. Rh4+ Kf5 40. Rxh5 d4 41. Kf3 d3 42. Rh6 1-0